 Dungeon Crawl Stone Soup version 0.31.0-9-g3a7656b989 (webtiles) character file.

Game seed: 9644876071190230671

135 qw the Shooter (level 4, 0/23 HPs)
             Began as a Spriggan Hunter on Feb 2, 2024.
             Succumbed to a scorpion's poison
             ... on level 4 of the Dungeon.
             The game lasted 00:00:08 (1908 turns).

qw the Shooter (Spriggan Hunter)                    Turns: 1908, Time: 00:00:08

Health: 0/23       AC:  2    Str:  7    XL:     4   Next: 96%
Magic:  5/5        EV: 20    Int: 10    God:
Gold:   171        SH:  0    Dex: 20    Spells: 3/3 levels left

rFire   + . .        a - +1 shortbow
rCold   + . .        (shield currently unavailable)
rNeg    . . .        c - +0 robe
rPois   +            (helmet restricted)
rElec   .            j - scarf {rC+ rF+}
rCorr   .            (gloves unavailable)
SInv    +            (boots unavailable)
Will    .....        (no amulet)
Stlth   ++           (no ring)
HPRegen 0.23/turn    (no ring)
MPRegen 0.09/turn

%: no passive effects
@: lethally poisoned (0 -> -6), very quick
A: very small, no large weapons, unfitting armour, see invisible, speed 3,
poison resistance, evolution 1
a: no special abilities


You were on level 4 of the Dungeon.
You visited 1 branch of the dungeon, and saw 4 of its levels.

You collected 171 gold pieces.


Innate Abilities, Weirdness & Mutations

You are very small and have problems with some larger weapons.
You are too small for most types of armour.
You have supernaturally acute eyesight. (SInv)
You cover ground extremely quickly. (Speed+++)
Your system is resistant to poisons. (rPois)
You have hidden genetic potential.


   Skills:
 - Level 2.1 Fighting
 + Level 5.0 Ranged Weapons
 - Level 5.0 Dodging
 - Level 1.5 Stealth


You had 3 spell levels left.
You didn't know any spells.
Your spell library was empty.

Inventory:

Hand Weapons
 a - a +1 shortbow (weapon)
Armour
 c - a +0 robe (worn)
 j - a scarf of resistance (worn)
Scrolls
 f - a scroll of identify {unknown}
 i - 2 scrolls of vulnerability {unknown}
Potions
 b - a potion of berserk rage {unknown}
 d - a potion of mutation
 e - a potion of heal wounds {unknown}
 g - 2 potions of brilliance {unknown}
 h - a potion of curing
 k - a potion of invisibility {unknown}

Dungeon Overview and Level Annotations

Branches:
Dungeon (4/15)
 Temple: D:4-7

Altars:
Makhleb
Sif Muna


Message History

The jelly is severely wounded.
You shoot an arrow. The arrow completely misses the jelly.
You shoot an arrow. The arrow hits the jelly.
You kill the jelly!
Your Fighting skill increases to level 2!
k - a bubbling white potion A scorpion comes into view.
You shoot an arrow. The arrow barely misses the scorpion.
You shoot an arrow. The arrow closely misses the scorpion.
You shoot an arrow. The arrow closely misses the scorpion.
You shoot an arrow. The arrow barely misses the scorpion.
The scorpion stings you.
You shoot an arrow. The arrow closely misses the scorpion.
The scorpion stings you.
You shoot an arrow. The arrow barely misses the scorpion.
A quokka comes into view.
The scorpion stings you.
The quokka moves out of view.
You shoot an arrow. The arrow hits the scorpion.
The scorpion is lightly wounded.
The scorpion stings you but does no damage.
The scorpion misses you.
You shoot an arrow. The arrow hits the scorpion.
The scorpion is moderately wounded.
The scorpion stings you.
You shoot an arrow. The arrow hits the scorpion.
The scorpion is heavily wounded.
The scorpion closely misses you. The scorpion stings you.
You are lethally poisoned!
The scorpion poisons you!
You shoot an arrow. The arrow closely misses the scorpion.
You feel very sick. The scorpion barely misses you.
You shoot an arrow.
The arrow hits the scorpion but does no damage.
The scorpion is heavily wounded.
You feel sick. The scorpion closely misses you.
The scorpion completely misses you.
You shoot an arrow.
The arrow completely misses the scorpion.
You die...

#... #...#
.###....# .
........# ##..
........#####....
.................
........s........
........@...#
###.....####
##...## #..## #..#
## #..#########
..### #...........
.....###..##.####.#
...........#.#


You could see a scorpion.

Vanquished Creatures
  A jelly (D:4)
  3 adders (D:2)
  A dart slug (D:2)
  A ribbon worm (D:3)
  An orc (D:3)
  5 ball pythons
  3 endoplasms
  4 giant cockroaches
  10 goblins
  10 hobgoblins
  4 jackals (D:1)
  6 kobolds
  4 quokkas
  6 bats
  2 frilled lizards (D:1)
  6 rats
67 creatures vanquished.

Notes
Turn   | Place    | Note
-------+----------+-------------------------------------------
     0 | D:1      | qw the Spriggan Hunter began the quest for the Orb.
     0 | D:1      | Reached XP level 1. HP: 10/10 MP: 2/2
     0 | D:1      | 0 ||| qw: Version: 0.3-a-155-g5e7d8dd
     0 | D:1      | 0 ||| qw: Game counter: 580
     0 | D:1      | 0 ||| qw: Melee chars always use a shield: true
     0 | D:1      | 0 ||| qw: God list: Okawaru
     0 | D:1      | 0 ||| qw: Allow faded altars: false
     0 | D:1      | 0 ||| qw: Do Orc after clearing Dungeon:15 true
     0 | D:1      | 0 ||| qw: Do second Lair branch before Depths: true
     0 | D:1      | 0 ||| qw: Lair rune preference: random
     0 | D:1      | 0 ||| qw: Goals: Normal
     0 | D:1      | 0 ||| PLANNING D:1-11
    10 | D:1      | Reached skill level 3 in Dodging
   143 | D:1      | Reached XP level 2. HP: 14/14 MP: 3/3
   438 | D:1      | Reached XP level 3. HP: 16/18 MP: 4/4
   582 | D:1      | 582 ||| DROPPING scroll of butterflies.
  1001 | D:2      | Reached XP level 4. HP: 22/22 MP: 5/5
  1144 | D:2      | 1144 ||| DROPPING ring of magical power.
  1145 | D:2      | 1145 ||| READING scroll labelled UBEMYL WILACVA.
  1146 | D:2      | 1146 ||| DRINKING 2 smoky blue potions.
  1146 | D:2      | Gained mutation: You have hidden genetic potential. [potion
                  | of mutation]
  1146 | D:2      | Gained mutation: Your system is resistant to poisons.
                  | (rPois) [potion of mutation]
  1170 | D:3      | Found a shimmering blue altar of Sif Muna.
  1233 | D:3      | Found a burning altar of Makhleb.
  1572 | D:3      | 1572 ||| UPGRADING to scarf of resistance.
  1577 | D:3      | 1577 ||| READING scroll labelled ZECRUC ATEOZAE.
  1577 | D:3      | 1577 ||| ENCHANTING +0 shortbow.
  1578 | D:3      | 1578 ||| READING scroll labelled RACZAD WOSU.
  1579 | D:3      | 1579 ||| DRINKING 2 viscous black potions.
  1896 | D:4      | Noticed a scorpion
  1906 | D:4      | HP: 3/23 [poisoned by a scorpion]
  1908 | D:4      | Succumbed to a scorpion's poison

Levels and vault maps discovered:
D:1:      minmay_arrival_radiant_lines, layout_loops_ring
D:2:      layout_basic, kennysheep_generic_room_9
D:3:      layout_rooms, bloody_makhleb, mainiacjoe_overflow_boulevard
D:4:      minmay_door_path, layout_layer_cave, tgw_trog, kennysheep_little_box,
          lemuel_round_altar

Skill      XL: |  1  2  3  4 |
---------------+-------------+-----
Dodging        | 3 4 5 |  5.0
Ranged Weapons | 5 |  5.0
Fighting       | 2 |  2.1
Stealth        | |  1.5

Action                     |  1- 3 |  4- 6 || total
---------------------------+-------+-------++-------
   Fire: Shortbow          |    95 |    70 ||   165
    Use: Scroll            |       |     3 ||     3
         Potion            |       |     2 ||     2
 Armour: Robe              |     4 |    14 ||    18
  Dodge: Dodged            |    17 |    13 ||    30

Table legend:
 A = Non-vault XP
 B = Vault XP
 C = Vault XP percentage of total XP
 D = Non-vault monster count
 E = Vault monster count
 F = Vault count percentage of total count
                 A         B        C        D         E       F
            +---------+---------+-------+---------+---------+-------
      Total |     191 |       2 |   1.0 |      66 |       1 |   1.5
            +---------+---------+-------+---------+---------+-------
        D:1 |      45 |       0 |   0.0 |      28 |       0 |   0.0
        D:2 |      66 |       2 |   2.9 |      19 |       1 |   5.0
        D:3 |      31 |       0 |   0.0 |      14 |       0 |   0.0
        D:4 |      49 |       0 |   0.0 |       5 |       0 |   0.0
            +---------+---------+-------+---------+---------+-------
